AoeStats
← T115937

Arena

507036254Analyzed
2v2 RM · 16d ago on Sep 16, 2026· 45m 53s· 4 players
Game mode
Random Map
Map size
Medium (4 player)
Population
200
Speed
Normal
Resources
Standard
Victory
Conquest
Starting age
Dark Age
Ending age
Imperial Age
RankedLock teamsTeams togetherTeam positionsShared explorationLock speedFull tech treeHidden civsTurbo modeCheats
Victory
Defeat
🇮🇳 Franks · India
687
+14
🇫🇮 Italians · Finland
673
+18
🇨🇱 Goths · Chile
653
-15
🇧🇪 Franks · Belgium
652
-14
katkera-mamma
11:21 Feudal Age
19:10 Castle Age
18:46 Wheelbarrow
22:03 Horse Collar
24:44 Double-Bit Axe
29:30 Imperial Age
33:17 Conscription
35:28 Forging
35:19 Scale Mail Armor
36:02 Elite Genoese Crossbowman
38:21 Iron Casting
38:24 Squires
40:36 Fletching
40:47 Padded Archer Armor
41:48 Blast Furnace
41:04 Chain Mail Armor
julienPlvg91
0:33 Loom
10:08 Feudal Age
10:40 Double-Bit Axe
17:28 Castle Age
15:56 Gold Mining
16:37 Stone Mining
26:02 Gold Shaft Mining
25:58 Bow Saw
31:21 Imperial Age
32:13 Cavalier
35:03 Scale Barding Armor
35:09 Forging
37:12 Paladin
37:55 Husbandry
38:46 Chivalry
39:09 Conscription
38:47 Capped Ram
39:53 Chain Barding Armor
40:08 Iron Casting
39:57 Ballistics
39:43 Pikeman
40:45 Siege Engineers
41:41 Chemistry
41:18 Town Watch
42:12 Wheelbarrow
42:55 Plate Barding Armor
43:21 Blast Furnace
42:22 Scale Mail Armor
f.trenchant
12:01 Feudal Age
19:07 Castle Age
19:57 Double-Bit Axe
28:08 Wheelbarrow
27:19 Town Watch
27:23 Loom
28:55 Bow Saw
28:40 Gold Mining
30:54 Hand Cart
30:57 Crossbowman
31:38 Man-at-Arms
32:05 Gambesons
32:57 Town Patrol
36:14 Masonry
36:23 Forging
36:20 Scale Barding Armor
36:16 Scale Mail Armor
36:07 Fletching
36:17 Padded Archer Armor
36:19 Stone Mining
37:05 Gold Shaft Mining
40:36 Iron Casting
40:17 Chain Mail Armor
40:22 Chain Barding Armor
40:18 Leather Archer Armor
40:44 Husbandry
T115937
9:04 Loom
21:15 Feudal Age
21:32 Man-at-Arms
24:10 Wheelbarrow
27:47 Scale Mail Armor
27:52 Scale Barding Armor
27:58 Forging
27:49 Padded Archer Armor
27:41 Fletching
32:06 Castle Age
32:36 Long Swordsman
33:20 Squires
33:12 Horse Collar
33:27 Gold Mining
33:27 Stone Mining
33:27 Double-Bit Axe
34:52 Chain Mail Armor
35:33 Iron Casting
36:47 Anarchy
43:03 Imperial Age
Connection lost

Rejoining the realm…

Still unreachable

The connection could not be restored.

Session expired

The server has moved on; the page needs a fresh start.